 Dungeon Sprint DCSS version 0.27.1 (webtiles) character file.

Game seed: 12956635592059619597

2249 styxcanada the Imperceptible (level 9, -10/46 HPs)
             Began as a Spriggan Brigand on Sept 5, 2021.
             Was an Initiate of Gozag.
             Killed from afar by an oklob plant (14 damage)
             ... with a splash of acid
             ... in the Dungeon (Sprint IV: "Fedhas' Mad Dash").
             The game lasted 00:05:35 (640 turns).

styxcanada the Imperceptible (Spriggan Brigand)      Turns: 640, Time: 00:05:36

Health: -10/46     AC:  4    Str: 10    XL:     9   Next: 15%
Magic:  10/10      EV: 16    Int: 13    God:    Gozag
Gold:   806        SH:  6    Dex: 19    Spells: 8/8 levels left

rFire    + . .     SeeInvis +   m - +7 scimitar of Yredelemnul's Scorn {vamp, +Rage rF+ Str+3}
rCold    + . .     Faith    .   u - +0 buckler
rNeg     . . .     Spirit   .   q - +1 robe {rC+}
rPois    .         Reflect  .   (helmet restricted)
rElec    .         Harm     .   c - +0 cloak
rCorr    .         Rampage  .   (gloves unavailable)
Will     +....     NoTele   +   (boots unavailable)
Stlth    +++++++++.             l - amulet of invisibility {+Inv}
HPRegen  0.15/turn              (no ring)
MPRegen  0.12/turn              (no ring)

@: gold aura, very slightly contaminated, invisible, very quick
A: very small, no large weapons, unfitting armour, see invisible, speed 3
a: Renounce Religion, Evoke Berserk Rage, Evoke Invisibility, Potion Petition,
Call Merchant, Bribe Branch


You were in the Dungeon.
You worshipped Gozag.
Gozag was pleased with you.
You visited 1 branch You collected 1386 gold pieces.
You spent 580 gold pieces at shops.

Inventory:

Hand Weapons
 a - a +2 dagger
 m - the +7 scimitar of Yredelemnul's Scorn (weapon) {vamp, +Rage rF+ Str+3}
   (You found it in the Dungeon)

   It occasionally heals its wielder for a portion of the damage dealt when it
   wounds a living foe.
   Str:       It affects your strength (+3).
   rF:        It protects you from fire.
   +Rage:     It lets you go berserk.
Missiles
 d - 8 poisoned darts (quivered)
 e - 2 curare-tipped darts
Armour
 b - the -2 cloak of Qes Cips {rF++}
   (You found it in the Dungeon)

   rF:        It greatly protects you from fire.
 c - a +0 cloak (worn)
 q - a +1 robe of cold resistance (worn)
 u - a +0 buckler (worn)
Jewellery
 l - the amulet of invisibility (around neck) {+Inv}
   (You found it in the Dungeon)

   [amulet of nothing]

   +Inv:      It lets you turn invisible.
Wands
 t - a wand of polymorph (7)
Scrolls
 k - a scroll of blinking
 o - 2 scrolls of magic mapping
 p - a scroll of fear {unknown}
 s - a scroll of brand weapon {unknown}
Potions
 f - a potion of curing
 g - a potion of heal wounds
 h - a potion of haste
 i - 2 potions of magic
 j - a potion of berserk rage
 n - a potion of lignification
 r - a potion of flight


   Skills:
 + Level 4.3 Fighting
 + Level 7.1(7.2) Short Blades
 + Level 1.2(3.5) Long Blades
 + Level 4.9 Throwing
 + Level 1.9 Dodging
 + Level 23.4 Stealth
 + Level 0.1 Shields
 + Level 9.8 Evocations


You had 8 spell levels left.
You didn't know any spells.
Your spell library contained the following spells:

 Spells                   Type           Power      Damage    Failure   Level
 Borgnjor's Revivificati  Necr           0%         N/A       100%        8
 Necromutation            Tmut/Necr      0%         N/A       100%        8
 Death's Door             Necr           0%         N/A       100%        9


Dungeon Overview and Level Annotations

Branches:
Dungeon (1/1)

Altars:
Cheibriados
Dithmenos
Elyvilon
Gozag
Hepliaklqana
Kikubaaqudgha
Makhleb
Nemelex Xobeh
Okawaru
Qazlal
Ru
Sif Muna
Trog
Uskayaw
Vehumet
Wu Jian
Xom
Yredelemnul
Zin
The Shining One
Beogh
Jiyva
Lugonu

Shops:
D ?=*[

Annotations:
D exclusion: oklob plant


Innate Abilities, Weirdness & Mutations

You are very small and have problems with some larger weapons.
You are too small for most types of armour.
You have supernaturally acute eyesight. (SInv)
You cover ground extremely quickly. (Speed+++)


Message History

You slash the burning bush!
The burning bush is severely damaged.
You hit the burning bush.
The burning bush is severely damaged.
The burning bush throws fire at you. The puff of flame hits you. You resist.
You hit the burning bush.
The burning bush is almost destroyed.
You hit the burning bush.
The burning bush is almost destroyed.
The burning bush throws fire at you. The puff of flame hits you. You resist.
You slash the burning bush!
You destroy the burning bush!
Your Short Blades skill increases to level 7!
Your base Long Blades skill increases to level 1!
You see here 153 gold pieces.
The helpless oklob plant fails to defend itself.
You slash the oklob plant!
The oklob plant is moderately damaged.
You slash the oklob plant!
The oklob plant is heavily damaged.
The oklob plant spits acid at you. The splash of acid hits you!
You are splashed with acid!
* * * LOW HITPOINT WARNING * * *
You hit the oklob plant.
The oklob plant is heavily damaged.
Unknown command.
The wandering mushroom is distracted by your dazzling golden aura.
You strike the helpless oklob sapling from behind!
You slash the oklob sapling!
You destroy the oklob sapling!
The wandering mushroom is no longer distracted by gold.
Unknown command.
You hit the wandering mushroom.
The wandering mushroom is lightly damaged.
The oklob plant spits acid at you. The splash of acid hits you!
You die...
Your body crumbles into a pile of gold.

#<..P#.....#.....#.⌠._._._._.⌠.
#PP..'.....'.#...'.._._._._._..
#PPPP#...†.#.#...#..._._._._...
###############'##.._._._._._..
#...♣........'...#._._._._._.⌠.
#......♣.....#...##############
#.....♣..♣..######*****,,*,***,
##'####'######$[+,,,,,,*,,***,,
#..#....'.....@.#*,,***,*,,***,
#.)#..###$...P.f#,**,,*,$$*+,,$
#######*#########**************
*,,,,,,,,,,,,,,,,,,,,,,* ***,
*∩,,,,,,,,,,,,,,,,,,,,,*****,,,
*∩,,,,,,,,,,,,,,,,,,,,,,,,,,,,,
*∩,,,,,,,,,,,,,,,,,,,,,,,******
***********+************** ****
*,,,,,,,,,,* ***,,*****,,,


You could see an oklob plant and a wandering mushroom.

Vanquished Creatures
  An oklob plant (D)
  2 wandering mushrooms (D)
  3 burning bushes (D)
  A queen bee (D)
  3 scorpions (D)
  4 killer bees (D)
  5 oklob saplings (D)
  2 spriggans (D)
  A river rat (D)
  A rat (D)
23 creatures vanquished.

Notes
Turn   | Place    | Note
-------+----------+-------------------------------------------
     0 | D        | styxcanada the Spriggan Brigand began the quest for the
                  | Orb.
     0 | D        | Reached XP level 1. HP: 10/10 MP: 2/2
     9 | D        | Reached skill level 8 in Stealth
     9 | D        | Reached XP level 2. HP: 15/15 MP: 3/3
    17 | D        | Noticed an oklob sapling
    19 | D        | Killed an oklob sapling
    20 | D        | Reached skill level 10 in Stealth
    20 | D        | Reached XP level 3. HP: 18/18 MP: 4/4
    21 | D        | Noticed a scorpion
    21 | D        | Found the amulet of invisibility {+Inv}
    23 | D        | Killed a scorpion
    24 | D        | Reached skill level 12 in Stealth
    24 | D        | Reached XP level 4. HP: 23/23 MP: 5/5
    50 | D        | Found an opulent altar of Gozag.
    50 | D        | Found a hazy altar of Hepliaklqana.
    50 | D        | Found a burning altar of Makhleb.
    50 | D        | Found a sparkling altar of Nemelex Xobeh.
    50 | D        | Found a snail-covered altar of Cheibriados.
    50 | D        | Found a sacrificial altar of Ru.
    50 | D        | Found a shimmering blue altar of Sif Muna.
    50 | D        | Found a shimmering altar of Xom.
    50 | D        | Found a basalt altar of Yredelemnul.
    51 | D        | Found a viscous altar of Jiyva.
    51 | D        | Found a bloodstained altar of Trog.
    51 | D        | Found an ornate altar of the Wu Jian Council.
    52 | D        | Found an iron altar of Okawaru.
    52 | D        | Found a shadowy altar of Dithmenos.
    52 | D        | Found a glowing silver altar of Zin.
    53 | D        | Found an ancient bone altar of Kikubaaqudgha.
    53 | D        | Found a hide-covered altar of Uskayaw.
    54 | D        | Found a stormy altar of Qazlal.
    54 | D        | Found a white marble altar of Elyvilon.
    54 | D        | Found a glowing golden altar of the Shining One.
    55 | D        | Became a worshipper of Gozag Ym Sagoz the Greedy
    56 | D        | Found a corrupted altar of Lugonu.
    56 | D        | Found a radiant altar of Vehumet.
    61 | D        | Reached skill level 13 in Stealth
    61 | D        | Reached skill level 1 in Evocations
    61 | D        | Reached XP level 5. HP: 28/28 MP: 3/6
   117 | D        | Reached skill level 14 in Stealth
   123 | D        | Reached skill level 15 in Stealth
   126 | D        | Reached skill level 16 in Stealth
   126 | D        | Reached XP level 6. HP: 32/32 MP: 5/7
   141 | D        | Found Etuci's Jewellery Shop.
   141 | D        | Found Nigiebonlu's Magic Scroll Emporium.
   147 | D        | Bought a scroll of identify for 22 gold pieces
   147 | D        | Bought a scroll of identify for 22 gold pieces
   147 | D        | Bought a scroll of identify for 22 gold pieces
   177 | D        | Noticed a burning bush
   177 | D        | Noticed a wandering mushroom
   178 | D        | Noticed a wandering mushroom
   181 | D        | Killed a burning bush
   182 | D        | Reached skill level 5 in Short Blades
   182 | D        | Reached skill level 18 in Stealth
   182 | D        | Killed a wandering mushroom
   183 | D        | Reached skill level 19 in Stealth
   183 | D        | Reached skill level 5 in Evocations
   183 | D        | Reached XP level 7. HP: 37/37 MP: 5/8
   183 | D        | Killed a wandering mushroom
   184 | D        | Reached skill level 20 in Stealth
   197 | D        | Found Nytuc's Antique Armour Emporium.
   197 | D        | Found Pihiesch's Assorted Antiques.
   204 | D        | Bought a red potion for 26 gold pieces
   204 | D        | Bought 3 scrolls labelled UQOUSHR FOPH for 87 gold pieces
   204 | D        | Bought a scroll labelled KOAKKE FOCUV for 29 gold pieces
   204 | D        | Bought an embroidered robe for 107 gold pieces
   204 | D        | Bought a bubbling white potion for 26 gold pieces
   204 | D        | Bought a scroll labelled MEUDIR KEPPA for 29 gold pieces
   204 | D        | Bought a shiny ivory wand for 116 gold pieces
   216 | D        | Bought a buckler for 94 gold pieces
   391 | D        | Reached XP level 8. HP: 42/42 MP: 6/9
   397 | D        | Noticed a queen bee
   404 | D        | Killed a queen bee
   405 | D        | Reached skill level 21 in Stealth
   475 | D        | Noticed an oklob plant
   477 | D        | Identified the -2 cloak of Qes Cips {rF++}
   478 | D        | Killed an oklob plant
   479 | D        | Reached skill level 22 in Stealth
   547 | D        | Noticed a burning bush
   550 | D        | Killed a burning bush
   551 | D        | Reached skill level 23 in Stealth
   551 | D        | Reached XP level 9. HP: 45/45 MP: 7/10
   553 | D        | Identified the +7 scimitar of Yredelemnul's Scorn {vamp,
                  | +Rage rF+ Str+3}
   621 | D        | Noticed a burning bush
   621 | D        | Noticed an oklob plant
   622 | D        | Noticed a wandering mushroom
   629 | D        | Killed a burning bush
   630 | D        | Reached skill level 1 in Long Blades
   640 | D        | Killed from afar by an oklob plant

Illustrated notes

Levels and vault maps discovered:
D:        dungeon_sprint_fedhas [sprint_temple]

Skill      XL: |  1  2  3  4  5  6  7  8  9 |
---------------+----------------------------+-----
Stealth        | 8 10 12 13 16 19 20 23 | 23.4
Fighting       | 2 3 4 |  4.3
Short Blades   | 3 4 5 6 7 |  7.1
Throwing       | 3 4 |  4.9
Evocations     | 1 3 5 6 9 |  9.8
Long Blades    | 1 |  1.2
Dodging        | |  1.9
Shields        | |  0.1

Action                   |  1- 3 |  4- 6 |  7- 9 || total
-------------------------+-------+-------+-------++-------
Melee: Dagger            |     4 |     8 |    10 ||    22
       Scimitar          |       |       |    12 ||    12
 Abil: Evoke Invisibilit |       |     3 |     4 ||     7
  Use: Scroll            |       |       |     4 ||     4
 Stab: Sleeping          |     4 |     6 |    12 ||    22
       Invisible         |       |     2 |     1 ||     3
